 Dungeon Crawl Stone Soup version 0.31.0-32-g396128a36d (webtiles) character file.

Game seed: 4328792969858639262

240 spaghetti the Charlatan (level 6, 0/55 HPs)
             Began as an Oni Artificer on Mar 8, 2024.
             Slain by a goblin
             ... wielding a +0 club
             ... led by Robin
              (3 damage)
             ... on level 2 of the Dungeon.
             The game lasted 00:02:03 (1714 turns).

spaghetti the Charlatan (Oni Artificer)             Turns: 1714, Time: 00:02:03

Health: 0/55       AC:  3    Str: 17    XL:     6   Next: 8%
Magic:  6/6        EV: 10    Int: 14    God:
Gold:   89         SH:  0    Dex:  9    Spells: 5/5 levels left

rFire   . . .        a - +0 club
rCold   . . .        (no shield)
rNeg    . . .        b - +0 robe
rPois   .            (helmet restricted)
rElec   .            (no cloak)
rCorr   .            (gloves unavailable)
SInv    .            (boots unavailable)
Will    .....        (no amulet)
Stlth   +            (no ring)
HPRegen 0.29/turn    (no ring)
MPRegen 0.10/turn

%: no passive effects
@: no status effects
A: large, unfitting armour, horns 1, tough skin 1, double potion healing,
drunken brawling
a: no special abilities


You were on level 2 of the Dungeon.
You visited 1 branch of the dungeon, and saw 2 of its levels.

You collected 89 gold pieces.

Inventory:

Hand Weapons
 a - a +0 club (weapon)
 o - a +0 scythe
Armour
 b - a +0 robe (worn)
Magical Staves
 g - a staff of fire
Wands
 c - a wand of flame (14)
 d - a wand of charming (11)
 e - a wand of iceblast (3)
Scrolls
 f - a scroll of blinking {unknown}
 h - a scroll of vulnerability {unknown}
 j - 2 scrolls of teleportation {unknown}
 l - a scroll of enchant armour {unknown}
 p - a scroll of identify {unknown}
Potions
 i - 2 potions of brilliance {unknown}
 k - a potion of enlightenment {unknown}
 m - a potion of curing {unknown}
 n - a potion of berserk rage {unknown}


   Skills:
 - Level 1.3 Fighting
 - Level 2.1 Dodging
 - Level 0.6 Stealth
 + Level 5.5 Evocations


You had 5 spell levels left.
You didn't know any spells.
Your spell library was empty.

Dungeon Overview and Level Annotations

Branches:
Dungeon (2/15)

Altars:

Annotations:
D:2 Robin


Innate Abilities, Weirdness & Mutations

You are too large for most types of armour.
You have a pair of small horns on your head.
You have tough skin. (AC +1)
You gain doubled healing and magic from potions.
Whenever you drink a healing potion, you attack all around you.


Message History

You closely miss the goblin.
The goblin is almost dead.
The goblin shouts!
Robin throws the goblin at you! The goblin hits you with a +0 dagger.
The goblin hits you with a +0 club. The goblin hits you with a +0 dagger.
* * * LOW HITPOINT WARNING * * *
The goblin barely misses you.
Unknown command.
Unknown command.
Aiming: Charm
Press: ? - help, Shift-Dir - straight line, f - goblin
Aim: a goblin, wielding a +0 club (moderately wounded, strong, chance to affect: 78%)
The goblin is charmed.
The goblin closely misses you. The goblin barely misses you.
The goblin hits you but does no damage.
Unknown command.
Unknown command.
You hit the goblin.
The goblin is severely wounded.
Robin hits your goblin with a +0 whip. The goblin hits you with a +0 dagger.
* * * LOW HITPOINT WARNING * * *
The goblin closely misses you. The goblin hits you with a +0 dagger.
* * * LOW HITPOINT WARNING * * *
A goblin comes into view. It is wielding a +0 dagger.
The goblin hits you with a +0 dagger.
* * * LOW HITPOINT WARNING * * *
The goblin hits you but does no damage.
Your goblin hits the goblin with a +0 club.
The goblin dies!
The goblin barely misses you.
Unknown command.
Unknown command.
Aiming: Charm
Press: ? - help, Shift-Dir - straight line, f - hobgoblin, p - goblin
Aim: a hobgoblin (strong, chance to affect: 78%)
The hobgoblin is charmed.
Robin throws the goblin at you!
* * * LOW HITPOINT WARNING * * *
The goblin hits you with a +0 dagger.
* * * LOW HITPOINT WARNING * * *
Your goblin barely misses the goblin.
The goblin hits you with a +0 club.
You die...

### #.. #.# #.#
#############.#########
#..............ggg....##
)..............g@gg.g.g.
#.###########.######..##
#.##### #.# ......# #.#
....#.# #.#
....#.#######.#
..............# ..
###.#....###### . #
#.#.##.## #


You could see Robin, 5 goblins, a friendly hobgoblin (charmed, strong) and a
friendly goblin (charmed, strong).

Vanquished Creatures
  Sigmund (D:2)
  An iguana (D:2)
  2 dart slugs
  3 bats
  2 endoplasms
  6 goblins
  2 hobgoblins (D:1)
  A jackal (D:2)
  4 kobolds (D:1)
  2 quokkas (D:1)
  9 ball pythons
  3 frilled lizards
  3 rats
39 creatures vanquished.

Vanquished Creatures (collateral kills)
  A goblin (D:2)
1 creature vanquished.

Vanquished Creatures (others)
  A hobgoblin (D:2)
1 creature vanquished.

Grand Total: 41 creatures vanquished

Notes
Turn   | Place    | Note
-------+----------+-------------------------------------------
     0 | D:1      | spaghetti the Oni Artificer began the quest for the Orb.
     0 | D:1      | Reached XP level 1. HP: 19/19 MP: 1/1
   165 | D:1      | Found a faded altar of an unknown god.
   213 | D:1      | Reached XP level 2. HP: 15/27 MP: 2/2
   294 | D:1      | Reached skill level 3 in Evocations
   705 | D:1      | Reached XP level 3. HP: 26/33 MP: 3/3
  1268 | D:2      | Reached skill level 4 in Evocations
  1268 | D:2      | Reached XP level 4. HP: 8/41 MP: 4/4
  1487 | D:2      | Noticed Sigmund
  1489 | D:2      | Killed Sigmund
  1490 | D:2      | Reached skill level 5 in Evocations
  1490 | D:2      | Reached XP level 5. HP: 48/48 MP: 5/5
  1490 | D:2      | Reached XP level 6. HP: 55/55 MP: 6/6
  1700 | D:2      | Noticed Robin
  1714 | D:2      | Slain by a goblin

Illustrated notes

Levels and vault maps discovered:
D:1:      lemuel_arrival_rhombus, layout_loops_cross,
          shapermc_ecumenical_altar_starsandcircs, minmay_pentomino_w2
D:2:      layout_basic, minmay_cupped, uniq_sigmund, uniq_robin

Skill      XL: |  1  2  3  4 |
---------------+-------------+-----
Evocations     | 3 4 5 |  5.5
Fighting       | |  1.3
Dodging        | |  2.1
Stealth        | |  0.6

Action                     |  1- 3 |  4- 6 || total
---------------------------+-------+-------++-------
  Melee: Club              |   123 |    32 ||   155
         Headbutt          |    17 |     3 ||    20
         Punch             |     1 |       ||     1
  Evoke: Wand              |     1 |     6 ||     7
 Armour: Robe              |    96 |    65 ||   161
  Dodge: Dodged            |    76 |    48 ||   124
